 Dungeon Sprint DCSS version 0.30-a0-719-gcc4359ea44 (webtiles) character file.

Game seed: 15354550027278971406

447 CrazyBamboolord the Blocker (level 6, -10/64 HPs)
             Began as a Minotaur Fighter on Jan 26, 2023.
             Was an Initiate of Okawaru.
             Mangled by Sonja
             ... wielding a +1 short sword of distortion
              (19 damage)
             ... in the Dungeon (Sprint I: "Red Sonja").
             The game lasted 00:01:39 (420 turns).

CrazyBamboolord the Blocker (Minotaur Fighter)       Turns: 420, Time: 00:01:40

Health: -10/64     AC:  8    Str: 22    XL:     6   Next: 73%
Magic:  5/5        EV: 10    Int:  5    God:    Okawaru [......]
Gold:   308        SH:  0    Dex: 10    Spells: 5/5 levels left

rFire   . . .      SeeInvis .    a - +0 long sword
rCold   . . .      Faith    .    c - +0 buckler
rNeg    . . .      Spirit   .    b - +0 scale mail
rPois   .          Reflect  .    (helmet restricted)
rElec   .          Harm     .    (no cloak)
rCorr   .          Rampage  .    (no gloves)
Will    .....      NoTele   +    (no boots) Stlth
                                 (no amulet)
HPRegen 0.30/turn                l - ring of wizardry
MPRegen 0.09/turn                (no ring)

@: confused
A: horns 2, retaliatory headbutt
a: Renounce Religion


You were in the Dungeon.
You worshipped Okawaru.
Okawaru was noncommittal.
You visited 1 branch You collected 308 gold pieces.

Inventory:

Hand Weapons
 a - a +0 long sword (weapon)
Armour
 b - a +0 scale mail (worn)
 c - a +0 buckler (worn)
Jewellery
 l - a ring of wizardry (left hand)
Wands
 k - a wand of iceblast (7) (quivered)
Scrolls
 j - a scroll of blinking
Potions
 d - a potion of might
 e - a potion of curing
 f - a potion of heal wounds
 g - a potion of haste
 h - 2 potions of magic
 i - a potion of berserk rage


   Skills:
 * Level 9.4 Fighting
 * Level 7.9 Long Blades
 * Level 9.8 Armour
 + Level 1.0 Dodging
 * Level 9.9 Shields


You had 5 spell levels left.
You didn't know any spells.
Your spell library was empty.

Dungeon Overview and Level Annotations

Branches:
Dungeon (1/1)

Altars:
Cheibriados
Dithmenos
Elyvilon
Fedhas
Gozag
Hepliaklqana
Kikubaaqudgha
Nemelex Xobeh
Okawaru
Qazlal
Ru
Sif Muna
Trog
Uskayaw
Vehumet
Wu Jian
Yredelemnul
Zin
The Shining One

Shops:
D :

Annotations:
D Sonja


Innate Abilities, Weirdness & Mutations

You have a pair of horns on your head.
You reflexively headbutt those who attack you in melee.


Message History

HP restored.
There is an open door here.
There is an open door, spattered with blood here.
You see here a yak corpse.
Found a sparkling altar of Nemelex Xobeh.
There is an entrance to Gorikh's Book Emporium here.
There is an iron altar of Okawaru here.
You kneel at the altar of Okawaru.
Okawaru welcomes you!
There is an entrance to Gorikh's Book Emporium here.
Unknown command.
There is an open door, spattered with blood here.
You see here a yak corpse.
You open the door.
Sonja, the Graceful Assassin comes into view.
She is wielding a +1 short sword of distortion, quivering curare-tipped darts and carrying a wand of charming (7).
Sonja shouts!
Sonja throws a curare-tipped dart.
The curare-tipped dart barely misses you.
Found 108 gold pieces.
There is an open door here.
You completely miss Sonja. Your headbutt misses Sonja.
Sonja casts a spell.
Sonja blinks!
Sonja zaps a wand.
Your will is overpowered!
You are confused.
You are too confused!
You are too confused!
You are too confused!
You are too confused!
You are too confused!
Sonja hits you with a +1 short sword of distortion!
Space warps around you.
Sonja hits you with a +1 short sword of distortion.
Space warps horribly around you!! Sonja barely misses you.
You bump into the stone wall.
Sonja hits you with a +1 short sword of distortion.
Space warps horribly around you!
* * * LOW HITPOINT WARNING * * *
Sonja hits you but does no damage. Space warps horribly around you!!
You die...

################
#<.#..'..#..'..#
#..)).#..').#..+
#..#####'#####'#
#..####..#...#.#
#..#__####..##.#
#..#_____##K#_.+
#⌠⌠#_.∩...†@.._#
####_..__##_.#+#
#_____###'#
####### #.# $.$
#$.$# ##.## #+#


You could see Sonja.

Vanquished Creatures
  Sigmund (D)
  A yak (D)
  An ogre (D)
  A jelly (D)
  Ijyb (D)
5 creatures vanquished.

Notes
Turn   | Place    | Note
-------+----------+-------------------------------------------
     0 | D        | CrazyBamboolord the Minotaur Fighter began the quest for
                  | the Orb.
     0 | D        | Reached XP level 1. HP: 19/19 MP: 0/0
     2 | D        | Noticed Ijyb
    21 | D        | Killed Ijyb
    22 | D        | Reached skill level 5 in Fighting
    22 | D        | Reached skill level 5 in Armour
    22 | D        | Reached skill level 5 in Shields
    22 | D        | Reached XP level 2. HP: 20/29 MP: 1/1
    60 | D        | Noticed an ogre
    69 | D        | Killed an ogre
    70 | D        | Reached XP level 3. HP: 34/38 MP: 2/2
    70 | D        | Reached XP level 4. HP: 40/45 MP: 3/3
    95 | D        | Noticed Sigmund
   106 | D        | Killed Sigmund
   107 | D        | Reached XP level 5. HP: 56/56 MP: 4/4
   107 | D        | Reached XP level 6. HP: 62/62 MP: 5/5
   125 | D        | Found an ornate altar of the Wu Jian Council.
   125 | D        | Found a shimmering blue altar of Sif Muna.
   127 | D        | Found a radiant altar of Vehumet.
   205 | D        | Found Gorikh's Book Emporium.
   205 | D        | Found an ancient bone altar of Kikubaaqudgha.
   205 | D        | Found a hazy altar of Hepliaklqana.
   205 | D        | Found a stormy altar of Qazlal.
   205 | D        | Found a hide-covered altar of Uskayaw.
   205 | D        | Found a blossoming altar of Fedhas.
   205 | D        | Found a bloodstained altar of Trog.
   205 | D        | Found an iron altar of Okawaru.
   205 | D        | Found a basalt altar of Yredelemnul.
   205 | D        | Found a glowing golden altar of the Shining One.
   205 | D        | Found a snail-covered altar of Cheibriados.
   205 | D        | Found a sacrificial altar of Ru.
   205 | D        | Found a glowing silver altar of Zin.
   205 | D        | Found a shadowy altar of Dithmenos.
   205 | D        | Found a white marble altar of Elyvilon.
   205 | D        | Noticed a yak
   217 | D        | Killed a yak
   218 | D        | Reached skill level 1 in Dodging
   218 | D        | Found an opulent altar of Gozag.
   398 | D        | Found a sparkling altar of Nemelex Xobeh.
   403 | D        | Became a worshipper of Warmaster Okawaru
   415 | D        | Noticed Sonja
   420 | D        | Mangled by Sonja

Illustrated notes

Levels and vault maps discovered:
D:        dungeon_sprint_1 [red_sonja_temple_1, red_sonja_temple_small_1]

Skill      XL: |  1  2  3  4  5  6 |
---------------+-------------------+-----
Fighting       | 5 6 8 9 |  9.4
Long Blades    | 3 4 6 7 |  7.9
Armour         | 5 7 8 9 |  9.8
Shields        | 5 7 8 9 |  9.9
Dodging        | 1 |  1.0

Action                     |  1- 3 |  4- 6 || total
---------------------------+-------+-------++-------
  Melee: Long sword        |    21 |    24 ||    45
         Headbutt          |     3 |     7 ||    10
 Armour: Scale mail        |     9 |     7 ||    16
  Dodge: Dodged            |     7 |     8 ||    15
  Block: Buckler           |     3 |     2 ||     5

Table legend: (Time is in decaauts)
 A = Elapsed time spent in this place.
 B = Non-inter-level travel time spent in this place.
 C = Inter-level travel time spent in this place.
 D = Time resting spent in this place.
 E = Time spent auto-exploring this place.
 F = Levels seen in this place.
 G = Mean time per level.
                   A        B        C        D        E       F      G
               +--------+--------+--------+--------+--------+-----+--------+
         Total |    429 |    423 |      6 |    276 |     13 |   1 |  429.0 |
       Dungeon |    429 |    423 |      6 |    276 |     13 |   1 |  429.0 |
               +--------+--------+--------+--------+--------+-----+--------+

Top non-repeatable levels by time:
       D: 429 daAuts
